[ AOE2 MATCH · #484252771 ]
Team RMTeutons vs Tatars
Player's team · LOSS
[ REPLAY ANALYSIS · EXTRACTED FROM THE RECORDED GAME ]
Feudal
14:05
Castle
26:35
Imperial
39:50
| APM avg | 25.0 |
| APM peak | 107 |
| eAPM avg | 20.1 |
| Villagers / military | 126 / 70 |
Focus
⚔️ 22.4% · 🌾 77.6%
Scorpion ×31 · Knight ×13 · Scout Cavalry ×13 · Teutonic Knight ×10 · Trebuchet (Packed) ×3
Feudal
11:24
Castle
18:52
Imperial
40:51
| APM avg | 21.5 |
| APM peak | 56 |
| eAPM avg | 11.6 |
| Villagers / military | 113 / 95 |
Focus
⚔️ 32.1% · 🌾 67.9%
Teutonic Knight ×50 · Spearman ×32 · Trade Cart ×10 · Battering Ram ×8 · Mangonel ×4 · Monk ×1
Feudal
15:54
Castle
24:18
Imperial
—
| APM avg | 9.5 |
| APM peak | 42 |
| eAPM avg | 5.3 |
| Villagers / military | 48 / 10 |
Focus
⚔️ 18.9% · 🌾 81.1%
Huskarl ×10 · Trade Cart ×10
Feudal
10:59
Castle
19:17
Imperial
40:22
| APM avg | 30.5 |
| APM peak | 67 |
| eAPM avg | 13.3 |
| Villagers / military | 67 / 69 |
Focus
⚔️ 22.9% · 🌾 77.1%
Cavalry Archer ×61 · Keshik ×5 · Trebuchet (Packed) ×3
Feudal
13:58
Castle
23:03
Imperial
—
| APM avg | 26.6 |
| APM peak | 120 |
| eAPM avg | 11.5 |
| Villagers / military | 83 / 41 |
Focus
⚔️ 16.6% · 🌾 83.4%
Scorpion ×12 · Woad Raider ×11 · Knight ×9 · Spearman ×9
Feudal
13:21
Castle
30:23
Imperial
—
| APM avg | 12.9 |
| APM peak | 25 |
| eAPM avg | 10.2 |
| Villagers / military | 119 / 70 |
Focus
⚔️ 32.3% · 🌾 67.7%
Knight ×28 · Archer ×17 · Trade Cart ×12 · Militia ×6 · Spearman ×6 · Mangonel ×5
Match map
Initial resources + every placement click. Lines = walls · curves = elevation contours. ◆ gold · ⬟ stone · ● berries · ✦ relic · ◌ wall gap
Your base· Open — unwalled flank
Styrrge's base· ✓ Closed at 18:52 · 16t walls · no gate
RAFAEL CORREA DELGADO's base· Open — unwalled flank
Professor Wizard's base· ✓ Closed at 19:17 · 0t walls · no gate
EL SANTO PADRE EL ORIGINAL's base· Open — unwalled flank
smkmak9's base· ✓ Closed at 30:23 · 57t walls · no gate
Smoothed initial terrain · ◌ = detected wall gap · hover for details
Inputs per minute
— EL_PUERCO_REDENTOR - - Styrrge
Build order — EL_PUERCO_REDENTOR
First 150 of 305 actions detected
| 0:03 | Research | Loom |
| 0:03 | Create | Villager (Male) |
| 0:04 | Create | Villager (Male) |
| 0:04 | Create | Villager (Male) |
| 0:04 | Create | Villager (Male) |
| 0:04 | Create | Villager (Male) |
| 0:05 | Create | Villager (Male) |
| 0:23 | Build | House |
| 0:23 | Build | House |
| 0:24 | Build | House |
| 1:26 | Build | House |
| 1:49 | Create | Villager (Male) |
| 1:49 | Create | Villager (Male) |
| 2:18 | Create | Villager (Male) |
| 2:18 | Create | Villager (Male) |
| 2:51 | Create | Villager (Male) |
| 2:52 | Create | Villager (Male) |
| 3:34 | Create | Villager (Male) |
| 3:34 | Create | Villager (Male) |
| 3:50 | Create | Villager (Male) |
| 3:50 | Create | Villager (Male) |
| 4:04 | Create | Villager (Male) |
| 4:04 | Create | Villager (Male) |
| 4:24 | Create | Villager (Male) |
| 4:24 | Create | Villager (Male) |
| 5:10 | Build | Lumber Camp |
| 5:11 | Create | Villager (Male) |
| 5:11 | Create | Villager (Male) |
| 5:11 | Create | Villager (Male) |
| 5:26 | Create | Villager (Male) |
| 5:32 | Create | Villager (Male) |
| 5:32 | Create | Villager (Male) |
| 6:00 | Build | Mill |
| 6:01 | Create | Villager (Male) |
| 6:01 | Create | Villager (Male) |
| 6:01 | Create | Villager (Male) |
| 6:16 | Create | Villager (Male) |
| 6:16 | Create | Villager (Male) |
| 6:40 | Build | House |
| 7:14 | Build | House |
| 7:16 | Create | Villager (Male) |
| 7:16 | Create | Villager (Male) |
| 7:17 | Create | Villager (Male) |
| 7:54 | Build | House |
| 8:32 | Create | Villager (Male) |
| 8:40 | Create | Villager (Male) |
| 8:40 | Create | Villager (Male) |
| 9:12 | Build | Mining Camp |
| 9:23 | Create | Villager (Male) |
| 9:23 | Create | Villager (Male) |
| 9:23 | Create | Villager (Male) |
| 9:24 | Create | Villager (Male) |
| 11:14 | Build | Palisade Wall |
| 11:55 | Research | Feudal Age |
| 12:02 | Build | Barracks |
| 12:38 | Build | House |
| 12:40 | Build | House |
| 12:41 | Build | House |
| 12:43 | Build | House |
| 12:44 | Build | House |
| 14:05 | Age | Feudal Age |
| 14:08 | Build | Farm |
| 14:08 | Build | Farm |
| 14:09 | Build | Farm |
| 14:11 | Build | Farm |
| 14:11 | Build | Farm |
| 14:12 | Build | Farm |
| 14:13 | Build | Farm |
| 14:14 | Build | Farm |
| 14:16 | Create | Villager (Male) |
| 14:16 | Create | Villager (Male) |
| 14:16 | Create | Villager (Male) |
| 14:24 | Build | Stable |
| 14:36 | Build | Mining Camp |
| 14:38 | Create | Villager (Male) |
| 14:38 | Create | Villager (Male) |
| 14:38 | Create | Villager (Male) |
| 14:46 | Create | Villager (Male) |
| 15:38 | Research | Bloodlines |
| 15:39 | Create | Villager (Male) |
| 15:39 | Create | Villager (Male) |
| 16:09 | Build | Stone Wall |
| 16:11 | Create | Villager (Male) |
| 16:11 | Create | Villager (Male) |
| 16:15 | Create | Scout Cavalry |
| 16:15 | Create | Scout Cavalry |
| 16:16 | Create | Scout Cavalry |
| 17:16 | Create | Scout Cavalry |
| 17:17 | Create | Scout Cavalry |
| 17:17 | Create | Scout Cavalry |
| 17:17 | Create | Scout Cavalry |
| 17:34 | Build | Blacksmith |
| 17:48 | Create | Scout Cavalry |
| 17:48 | Create | Scout Cavalry |
| 17:48 | Create | Scout Cavalry |
| 18:15 | Create | Scout Cavalry |
| 18:26 | Build | Farm |
| 18:41 | Build | Farm |
| 18:42 | Build | Farm |
| 18:43 | Build | Farm |
| 18:44 | Build | Farm |
| 18:45 | Build | Farm |
| 18:45 | Build | Farm |
| 18:46 | Build | Farm |
| 18:47 | Build | Farm |
| 18:51 | Create | Scout Cavalry |
| 18:51 | Create | Scout Cavalry |
| 18:59 | Create | Villager (Male) |
| 18:59 | Create | Villager (Male) |
| 19:18 | Research | Arson |
| 20:28 | Build | Stone Wall |
| 20:37 | Research | Scale Barding Armor |
| 20:47 | Build | Watch Tower |
| 20:48 | Create | Villager (Male) |
| 20:48 | Create | Villager (Male) |
| 20:48 | Create | Villager (Male) |
| 21:24 | Create | Villager (Male) |
| 21:24 | Create | Villager (Male) |
| 21:33 | Build | House |
| 21:34 | Build | House |
| 21:35 | Build | House |
| 23:52 | Build | Farm |
| 23:55 | Research | Castle Age |
| 25:14 | Research | Double-Bit Axe |
| 25:15 | Research | Forging |
| 25:20 | Research | Man-at-Arms (upgrade) |
| 26:35 | Age | Castle Age |
| 26:43 | Build | Siege Workshop |
| 26:44 | Create | Villager (Male) |
| 26:44 | Create | Villager (Male) |
| 26:45 | Create | Villager (Male) |
| 26:45 | Create | Villager (Male) |
| 26:50 | Create | Knight |
| 26:51 | Create | Knight |
| 26:51 | Create | Knight |
| 26:51 | Create | Knight |
| 26:51 | Create | Knight |
| 26:51 | Create | Knight |
| 26:52 | Create | Knight |
| 26:52 | Create | Knight |
| 26:52 | Create | Knight |
| 27:05 | Build | Mining Camp |
| 27:24 | Create | Knight |
| 27:24 | Create | Knight |
| 27:24 | Create | Knight |
| 27:25 | Create | Knight |
| 27:36 | Create | Scorpion |
| 27:36 | Create | Scorpion |
| 27:36 | Create | Scorpion |
| 27:37 | Create | Scorpion |
Build order — Styrrge
First 150 of 341 actions detected
| 0:02 | Build | House |
| 0:05 | Build | House |
| 0:07 | Create | Villager (Male) |
| 0:21 | Create | Villager (Male) |
| 0:53 | Create | Villager (Male) |
| 1:21 | Create | Villager (Male) |
| 1:52 | Create | Villager (Male) |
| 2:05 | Create | Villager (Male) |
| 2:26 | Build | Lumber Camp |
| 2:45 | Create | Villager (Male) |
| 3:08 | Create | Villager (Male) |
| 3:25 | Create | Villager (Male) |
| 3:55 | Create | Villager (Male) |
| 4:04 | Build | House |
| 4:31 | Create | Villager (Male) |
| 4:38 | Build | Mill |
| 4:45 | Create | Villager (Male) |
| 5:08 | Create | Villager (Male) |
| 5:25 | Create | Villager (Male) |
| 5:52 | Create | Villager (Male) |
| 6:13 | Create | Villager (Male) |
| 6:30 | Build | House |
| 6:38 | Build | House |
| 6:42 | Create | Villager (Male) |
| 7:07 | Create | Villager (Male) |
| 7:31 | Create | Villager (Male) |
| 8:18 | Create | Villager (Male) |
| 8:40 | Create | Villager (Male) |
| 9:14 | Research | Feudal Age |
| 9:55 | Build | Mining Camp |
| 10:08 | Build | Mining Camp |
| 11:09 | Build | Farm |
| 11:24 | Age | Feudal Age |
| 11:33 | Build | Farm |
| 11:34 | Build | Farm |
| 11:34 | Build | Farm |
| 11:35 | Build | Farm |
| 11:35 | Build | Farm |
| 11:36 | Build | Farm |
| 11:41 | Build | Farm |
| 11:41 | Build | Farm |
| 11:42 | Build | Farm |
| 11:44 | Build | Farm |
| 12:17 | Build | Farm |
| 12:24 | Build | Farm |
| 12:28 | Build | Farm |
| 12:35 | Create | Villager (Male) |
| 12:35 | Create | Villager (Male) |
| 12:36 | Create | Villager (Male) |
| 12:47 | Build | House |
| 12:53 | Build | House |
| 13:05 | Create | Villager (Male) |
| 13:30 | Build | Blacksmith |
| 13:36 | Build | House |
| 13:50 | Build | Barracks |
| 13:54 | Create | Villager (Male) |
| 14:47 | Build | Market |
| 15:14 | Create | Villager (Male) |
| 15:18 | Research | Loom |
| 15:57 | Research | Horse Collar |
| 16:02 | Research | Gold Mining |
| 16:05 | Research | Double-Bit Axe |
| 16:12 | Research | Castle Age |
| 16:40 | Create | Villager (Male) |
| 17:09 | Build | Palisade Wall |
| 17:26 | Build | House |
| 18:06 | Research | Stone Mining |
| 18:12 | Research | Man-at-Arms (upgrade) |
| 18:14 | Research | Arson |
| 18:17 | Create | Spearman |
| 18:17 | Create | Spearman |
| 18:18 | Create | Spearman |
| 18:29 | Research | Forging |
| 18:34 | Research | Scale Mail Armor |
| 18:47 | Create | Villager (Male) |
| 18:48 | Create | Villager (Male) |
| 18:48 | Create | Villager (Male) |
| 18:52 | Age | Castle Age |
| 19:25 | Build | Town Center |
| 19:33 | Create | Villager (Male) |
| 20:07 | Build | Siege Workshop |
| 20:29 | Research | Squires |
| 20:30 | Research | Gambesons |
| 20:31 | Research | Pikeman (upgrade) |
| 20:38 | Create | Villager (Male) |
| 20:40 | Create | Villager (Male) |
| 21:00 | Research | Wheelbarrow |
| 21:29 | Build | House |
| 21:59 | Create | Villager (Male) |
| 22:00 | Create | Villager (Male) |
| 22:00 | Create | Villager (Male) |
| 22:00 | Create | Villager (Male) |
| 22:01 | Create | Villager (Male) |
| 22:01 | Create | Villager (Male) |
| 22:28 | Create | Villager (Male) |
| 22:28 | Create | Villager (Male) |
| 22:29 | Create | Villager (Male) |
| 22:29 | Create | Villager (Male) |
| 22:29 | Create | Villager (Male) |
| 22:37 | Create | Villager (Male) |
| 22:37 | Create | Villager (Male) |
| 22:50 | Build | Palisade Gate |
| 23:13 | Create | Villager (Male) |
| 23:55 | Build | House |
| 24:05 | Create | Spearman |
| 24:05 | Create | Spearman |
| 24:06 | Create | Spearman |
| 24:11 | Create | Villager (Male) |
| 24:13 | Create | Villager (Male) |
| 25:00 | Build | Town Center |
| 25:08 | Create | Trade Cart |
| 25:08 | Create | Trade Cart |
| 25:09 | Research | Caravan |
| 25:16 | Create | Villager (Male) |
| 25:16 | Create | Villager (Male) |
| 25:16 | Create | Villager (Male) |
| 25:17 | Create | Villager (Male) |
| 25:25 | Create | Villager (Male) |
| 25:25 | Create | Villager (Male) |
| 25:25 | Create | Villager (Male) |
| 25:26 | Create | Villager (Male) |
| 26:20 | Build | Farm |
| 26:20 | Build | Farm |
| 26:20 | Build | Farm |
| 26:20 | Build | Farm |
| 26:56 | Build | House |
| 26:58 | Build | House |
| 27:00 | Build | House |
| 27:03 | Build | House |
| 27:37 | Build | Castle |
| 28:00 | Create | Spearman |
| 28:00 | Create | Spearman |
| 28:01 | Create | Spearman |
| 28:01 | Create | Spearman |
| 28:01 | Create | Spearman |
| 28:01 | Create | Spearman |
| 28:15 | Create | Trade Cart |
| 28:16 | Create | Trade Cart |
| 28:16 | Create | Trade Cart |
| 28:17 | Create | Trade Cart |
| 28:17 | Create | Trade Cart |
| 28:17 | Create | Trade Cart |
| 28:17 | Create | Trade Cart |
| 28:18 | Create | Trade Cart |
| 28:23 | Create | Villager (Male) |
| 28:24 | Create | Villager (Male) |
| 28:24 | Create | Villager (Male) |
| 28:26 | Research | Hand Cart |
| 28:34 | Create | Villager (Male) |
| 28:35 | Create | Villager (Male) |
Build order — RAFAEL CORREA DELGADO
123 actions detected in the replay
| 0:12 | Build | House |
| 0:14 | Build | House |
| 0:15 | Build | House |
| 0:19 | Build | House |
| 0:22 | Research | Loom |
| 1:03 | Create | Villager (Male) |
| 1:03 | Create | Villager (Male) |
| 1:03 | Create | Villager (Male) |
| 1:03 | Create | Villager (Male) |
| 1:04 | Create | Villager (Male) |
| 2:39 | Build | Lumber Camp |
| 3:12 | Create | Villager (Male) |
| 4:31 | Create | Villager (Male) |
| 4:33 | Create | Villager (Male) |
| 4:33 | Create | Villager (Male) |
| 5:46 | Create | Villager (Male) |
| 5:47 | Create | Villager (Male) |
| 7:19 | Build | Mill |
| 7:29 | Create | Villager (Male) ×3 |
| 8:11 | Build | Farm |
| 8:23 | Build | Farm |
| 9:25 | Build | Farm |
| 9:52 | Create | Villager (Male) |
| 9:52 | Create | Villager (Male) |
| 9:53 | Create | Villager (Male) |
| 9:53 | Create | Villager (Male) |
| 9:53 | Create | Villager (Male) |
| 9:54 | Create | Villager (Male) |
| 10:24 | Build | Farm |
| 10:47 | Build | Farm |
| 11:16 | Build | Farm |
| 11:38 | Build | Mill |
| 11:56 | Build | Barracks |
| 12:13 | Create | Villager (Male) |
| 12:15 | Create | Villager (Male) |
| 12:30 | Build | Farm |
| 13:09 | Build | House |
| 13:11 | Build | House |
| 13:27 | Build | Palisade Wall |
| 13:30 | Build | Palisade Wall |
| 13:31 | Build | Palisade Wall |
| 13:39 | Build | Palisade Gate |
| 13:44 | Research | Feudal Age |
| 15:54 | Age | Feudal Age |
| 16:02 | Create | Villager (Male) ×5 |
| 16:05 | Research | Town Watch |
| 16:06 | Research | Wheelbarrow |
| 16:28 | Research | Horse Collar |
| 16:36 | Research | Double-Bit Axe |
| 16:46 | Build | Mining Camp |
| 17:12 | Build | House |
| 17:13 | Build | House |
| 17:18 | Build | House |
| 17:20 | Build | House |
| 17:25 | Build | House |
| 17:33 | Build | Palisade Wall |
| 17:35 | Build | Palisade Wall |
| 19:16 | Build | Blacksmith |
| 19:55 | Build | Market |
| 20:28 | Create | Villager (Male) |
| 20:29 | Create | Villager (Male) |
| 20:40 | Build | Lumber Camp |
| 21:05 | Build | Farm |
| 21:38 | Research | Castle Age |
| 22:58 | Research | Forging |
| 23:00 | Research | Scale Barding Armor |
| 23:01 | Research | Fletching |
| 23:02 | Research | Scale Mail Armor |
| 24:18 | Age | Castle Age |
| 25:01 | Research | Bow Saw |
| 25:04 | Research | Heavy Plow |
| 25:12 | Create | Villager (Male) |
| 25:13 | Create | Villager (Male) |
| 25:28 | Create | Villager (Male) |
| 25:29 | Create | Villager (Male) |
| 25:31 | Create | Villager (Male) |
| 25:45 | Build | Mining Camp |
| 25:50 | Build | Farm |
| 26:06 | Build | Farm |
| 26:50 | Build | Farm |
| 26:59 | Build | Mill |
| 27:05 | Build | Farm |
| 27:26 | Research | Squires |
| 27:27 | Research | Pikeman (upgrade) |
| 27:29 | Research | Man-at-Arms (upgrade) |
| 27:45 | Build | Farm |
| 27:53 | Create | Villager (Male) |
| 27:54 | Create | Villager (Male) |
| 27:54 | Create | Villager (Male) |
| 27:54 | Create | Villager (Male) |
| 27:54 | Create | Villager (Male) |
| 27:55 | Create | Villager (Male) |
| 28:24 | Build | Barracks |
| 28:29 | Build | Barracks |
| 28:34 | Build | Barracks |
| 30:22 | Research | Stone Mining |
| 31:48 | Build | Castle |
| 32:26 | Research | Caravan |
| 32:27 | Create | Trade Cart ×5 |
| 32:35 | Research | Padded Archer Armor |
| 32:36 | Research | Iron Casting |
| 32:53 | Build | Farm |
| 33:26 | Create | Villager (Male) ×5 |
| 35:12 | Build | Castle |
| 36:06 | Build | University |
| 36:15 | Build | House |
| 36:19 | Build | House |
| 36:44 | Create | Villager (Male) |
| 36:45 | Create | Villager (Male) |
| 36:46 | Create | Villager (Male) |
| 37:17 | Create | Huskarl ×5 |
| 37:28 | Create | Huskarl ×5 |
| 39:21 | Research | Imperial Age |
| 40:26 | Build | Castle |
| 40:38 | Build | University |
| 40:44 | Create | Trade Cart ×5 |
| 41:49 | Build | Mill |
| 41:57 | Build | Farm |
| 41:59 | Build | Farm |
| 42:00 | Build | Farm |
| 42:01 | Build | Farm |
| 42:02 | Build | Farm |
| 42:02 | Build | Farm |
Build order — Professor Wizard
First 150 of 178 actions detected
| 0:00 | Create | Villager (Male) |
| 0:01 | Create | Villager (Male) |
| 0:02 | Build | House |
| 0:04 | Build | House |
| 0:11 | Create | Villager (Male) |
| 0:11 | Create | Villager (Male) |
| 1:30 | Create | Villager (Male) |
| 2:05 | Create | Villager (Male) |
| 2:21 | Build | Lumber Camp |
| 2:22 | Create | Villager (Male) |
| 2:53 | Create | Villager (Male) |
| 2:53 | Create | Villager (Male) |
| 3:18 | Create | Villager (Male) |
| 4:19 | Create | Villager (Male) |
| 4:23 | Build | Mill |
| 4:56 | Build | House |
| 5:02 | Research | Loom |
| 5:15 | Create | Villager (Male) |
| 5:45 | Build | House |
| 6:18 | Create | Villager (Male) |
| 6:32 | Create | Villager (Male) |
| 6:32 | Create | Villager (Male) |
| 6:42 | Create | Villager (Male) |
| 7:06 | Create | Villager (Male) |
| 7:06 | Create | Villager (Male) |
| 7:54 | Build | Barracks |
| 8:32 | Research | Feudal Age |
| 9:01 | Build | House |
| 9:15 | Create | Villager (Male) |
| 9:15 | Create | Villager (Male) |
| 10:54 | Build | Mining Camp |
| 10:59 | Age | Feudal Age |
| 11:01 | Research | Horse Collar |
| 11:01 | Research | Double-Bit Axe |
| 11:41 | Create | Villager (Male) |
| 12:03 | Build | Archery Range |
| 12:09 | Create | Villager (Male) |
| 12:09 | Create | Villager (Male) |
| 12:10 | Create | Villager (Male) |
| 12:49 | Build | Farm |
| 12:49 | Build | Farm |
| 12:49 | Build | Farm |
| 12:50 | Build | Farm |
| 13:35 | Build | House |
| 13:53 | Build | Farm |
| 13:56 | Build | Farm |
| 14:11 | Build | Blacksmith |
| 14:32 | Create | Villager (Male) |
| 14:33 | Create | Villager (Male) |
| 14:33 | Create | Villager (Male) |
| 14:52 | Build | Lumber Camp |
| 14:59 | Build | Market |
| 15:13 | Create | Villager (Male) |
| 15:14 | Create | Villager (Male) |
| 15:55 | Build | Stable |
| 16:02 | Research | Castle Age |
| 16:16 | Build | Farm |
| 16:18 | Build | Farm |
| 16:57 | Build | House |
| 17:01 | Build | House |
| 17:09 | Research | Bloodlines |
| 17:19 | Create | Villager (Male) |
| 18:00 | Build | Archery Range |
| 18:13 | Build | Farm |
| 18:16 | Build | Farm |
| 18:20 | Build | Farm |
| 18:25 | Build | Farm |
| 18:31 | Create | Villager (Male) |
| 18:32 | Research | Fletching |
| 18:57 | Build | Mining Camp |
| 19:17 | Age | Castle Age |
| 19:23 | Create | Cavalry Archer ×5 |
| 19:24 | Create | Cavalry Archer ×4 |
| 19:30 | Create | Villager (Male) |
| 19:40 | Research | Gold Mining |
| 20:17 | Create | Villager (Male) |
| 20:49 | Build | Town Center |
| 20:52 | Create | Villager (Male) |
| 20:52 | Create | Villager (Male) |
| 21:04 | Research | Husbandry |
| 21:18 | Build | House |
| 21:28 | Research | Bodkin Arrow |
| 21:43 | Create | Cavalry Archer |
| 21:48 | Build | House |
| 21:57 | Create | Villager (Male) |
| 21:58 | Create | Villager (Male) |
| 22:04 | Create | Cavalry Archer |
| 22:44 | Create | Villager (Male) |
| 22:44 | Create | Villager (Male) |
| 23:02 | Create | Villager (Male) |
| 23:21 | Build | University |
| 23:24 | Create | Villager (Male) |
| 23:24 | Create | Villager (Male) |
| 23:59 | Build | Farm |
| 25:04 | Build | Farm |
| 25:06 | Research | Ballistics |
| 25:12 | Create | Cavalry Archer ×5 |
| 25:12 | Create | Cavalry Archer ×5 |
| 26:09 | Research | Padded Archer Armor |
| 26:13 | Build | Farm |
| 26:13 | Build | Farm |
| 26:14 | Build | Farm |
| 26:14 | Build | Farm |
| 26:56 | Build | House |
| 26:57 | Build | House |
| 26:58 | Build | House |
| 27:02 | Build | Farm |
| 27:02 | Build | Farm |
| 27:59 | Create | Cavalry Archer ×5 |
| 28:08 | Create | Villager (Male) |
| 28:08 | Create | Villager (Male) |
| 28:09 | Create | Villager (Male) |
| 31:29 | Create | Cavalry Archer ×5 |
| 31:31 | Create | Cavalry Archer ×5 |
| 31:35 | Research | Wheelbarrow |
| 31:37 | Research | Town Watch |
| 32:27 | Create | Villager (Male) |
| 32:27 | Create | Villager (Male) |
| 32:27 | Create | Villager (Male) |
| 32:30 | Create | Villager (Male) |
| 32:34 | Research | Leather Archer Armor |
| 33:40 | Build | Farm |
| 33:41 | Create | Villager (Male) |
| 33:42 | Create | Villager (Male) |
| 33:42 | Create | Villager (Male) |
| 33:46 | Research | Hand Cart |
| 33:46 | Research | Town Patrol |
| 34:26 | Build | Castle |
| 34:38 | Build | House |
| 34:39 | Build | House |
| 34:40 | Build | House |
| 34:40 | Build | House |
| 34:41 | Build | House |
| 34:41 | Build | House |
| 34:44 | Build | House |
| 34:44 | Build | House |
| 34:47 | Create | Villager (Male) |
| 34:47 | Create | Villager (Male) |
| 34:53 | Build | Farm |
| 36:04 | Create | Cavalry Archer ×5 |
| 36:04 | Create | Cavalry Archer ×5 |
| 36:04 | Create | Cavalry Archer ×5 |
| 36:08 | Build | Farm |
| 36:22 | Build | Farm |
| 36:50 | Research | Forging |
| 36:51 | Research | Scale Barding Armor |
| 36:57 | Create | Villager (Male) |
| 36:57 | Create | Villager (Male) |
| 37:06 | Create | Villager (Male) |
| 37:06 | Create | Villager (Male) |
Build order — EL SANTO PADRE EL ORIGINAL
First 150 of 212 actions detected
| 0:01 | Create | Villager (Male) |
| 0:02 | Create | Villager (Male) |
| 0:02 | Create | Villager (Male) |
| 0:02 | Create | Villager (Male) |
| 0:02 | Create | Villager (Male) |
| 0:06 | Build | House |
| 0:11 | Build | House |
| 0:48 | Research | Loom |
| 1:43 | Create | Villager (Male) |
| 1:44 | Create | Villager (Male) |
| 2:14 | Create | Villager (Male) |
| 2:15 | Create | Villager (Male) |
| 2:50 | Build | House |
| 2:51 | Build | House |
| 2:55 | Create | Villager (Male) |
| 2:55 | Create | Villager (Male) |
| 3:03 | Create | Villager (Male) |
| 3:03 | Create | Villager (Male) |
| 3:23 | Build | Lumber Camp |
| 3:38 | Create | Villager (Male) |
| 3:38 | Create | Villager (Male) |
| 3:53 | Create | Villager (Male) |
| 4:11 | Create | Villager (Male) |
| 4:11 | Create | Villager (Male) |
| 4:58 | Create | Villager (Male) |
| 4:58 | Create | Villager (Male) |
| 5:11 | Create | Villager (Male) |
| 5:11 | Create | Villager (Male) |
| 5:26 | Create | Villager (Male) |
| 5:26 | Create | Villager (Male) |
| 6:00 | Create | Villager (Male) |
| 6:01 | Create | Villager (Male) |
| 6:09 | Create | Villager (Male) |
| 6:10 | Create | Villager (Male) |
| 6:58 | Create | Villager (Male) |
| 6:58 | Create | Villager (Male) |
| 7:09 | Build | Mill |
| 7:26 | Build | Barracks |
| 7:59 | Create | Villager (Male) |
| 7:59 | Create | Villager (Male) |
| 8:23 | Create | Villager (Male) |
| 8:23 | Create | Villager (Male) |
| 8:23 | Create | Villager (Male) |
| 8:24 | Create | Villager (Male) |
| 8:28 | Build | House |
| 8:29 | Build | House |
| 10:05 | Build | Farm |
| 10:08 | Build | Farm |
| 10:12 | Build | Farm |
| 10:44 | Build | House |
| 10:46 | Build | House |
| 10:48 | Build | House |
| 10:50 | Build | House |
| 10:51 | Build | House |
| 10:53 | Build | House |
| 10:54 | Build | House |
| 10:56 | Build | House |
| 10:58 | Build | House |
| 10:59 | Build | House |
| 11:01 | Build | House |
| 11:02 | Build | House |
| 11:03 | Build | House |
| 11:04 | Build | House |
| 11:05 | Build | House |
| 11:45 | Build | Farm |
| 11:48 | Research | Feudal Age |
| 12:03 | Build | Farm |
| 12:07 | Build | Farm |
| 12:11 | Build | Farm |
| 12:15 | Build | Farm |
| 12:19 | Build | Farm |
| 12:26 | Build | Farm |
| 12:57 | Build | Mining Camp |
| 13:02 | Create | Villager (Male) |
| 13:03 | Create | Villager (Male) |
| 13:03 | Create | Villager (Male) |
| 13:03 | Create | Villager (Male) |
| 13:03 | Create | Villager (Male) |
| 13:53 | Build | House |
| 13:56 | Build | House |
| 13:57 | Build | House |
| 13:58 | Age | Feudal Age |
| 13:59 | Build | House |
| 14:08 | Research | Double-Bit Axe |
| 14:50 | Build | Stable |
| 15:23 | Build | Lumber Camp |
| 15:29 | Create | Villager (Male) |
| 15:29 | Create | Villager (Male) |
| 15:30 | Create | Villager (Male) |
| 15:30 | Create | Villager (Male) |
| 15:31 | Create | Villager (Male) |
| 15:31 | Create | Villager (Male) |
| 15:31 | Create | Villager (Male) |
| 16:12 | Build | House |
| 16:14 | Build | House |
| 16:16 | Build | House |
| 16:35 | Research | Wheelbarrow |
| 17:00 | Build | House |
| 17:02 | Build | House |
| 17:22 | Build | Blacksmith |
| 17:52 | Build | Farm |
| 17:58 | Build | Farm |
| 18:18 | Research | Horse Collar |
| 18:26 | Build | Farm |
| 18:42 | Build | Farm |
| 18:52 | Build | House |
| 18:53 | Build | House |
| 18:54 | Build | House |
| 18:56 | Build | House |
| 19:30 | Build | Mining Camp |
| 19:53 | Build | House |
| 19:54 | Build | House |
| 19:55 | Build | House |
| 20:11 | Build | Farm |
| 20:23 | Research | Castle Age |
| 20:35 | Research | Stone Mining |
| 21:15 | Build | House |
| 21:16 | Build | House |
| 21:40 | Create | Spearman |
| 21:41 | Create | Spearman |
| 21:41 | Create | Spearman |
| 21:41 | Create | Spearman |
| 21:58 | Create | Villager (Male) |
| 21:58 | Create | Villager (Male) |
| 21:59 | Create | Villager (Male) |
| 21:59 | Create | Villager (Male) |
| 21:59 | Create | Villager (Male) |
| 21:59 | Create | Villager (Male) |
| 22:00 | Create | Villager (Male) |
| 22:11 | Build | Farm |
| 22:34 | Build | Farm |
| 22:52 | Build | House |
| 22:53 | Build | House |
| 23:03 | Age | Castle Age |
| 23:59 | Build | Castle |
| 24:03 | Build | House |
| 24:17 | Build | Farm |
| 24:19 | Build | Farm |
| 24:21 | Build | Farm |
| 24:48 | Research | Pikeman (upgrade) |
| 24:49 | Create | Spearman |
| 24:49 | Create | Spearman |
| 24:49 | Create | Spearman |
| 24:49 | Create | Spearman |
| 24:50 | Create | Spearman |
| 24:55 | Create | Knight |
| 24:55 | Create | Knight |
| 24:56 | Create | Knight |
| 24:56 | Create | Knight |
| 24:56 | Create | Knight |
Build order — smkmak9
First 150 of 340 actions detected
| 0:06 | Build | House |
| 0:08 | Create | Villager (Male) |
| 0:08 | Create | Villager (Male) |
| 0:09 | Create | Villager (Male) |
| 0:09 | Create | Villager (Male) |
| 0:12 | Research | Loom |
| 1:26 | Create | Villager (Male) |
| 1:26 | Create | Villager (Male) |
| 1:32 | Build | House |
| 2:07 | Build | House |
| 2:08 | Build | House |
| 2:12 | Create | Villager (Male) |
| 2:13 | Create | Villager (Male) |
| 2:48 | Create | Villager (Male) |
| 3:46 | Create | Villager (Male) |
| 3:46 | Create | Villager (Male) |
| 3:46 | Create | Villager (Male) |
| 5:21 | Create | Villager (Male) |
| 5:21 | Create | Villager (Male) |
| 5:21 | Create | Villager (Male) |
| 5:21 | Create | Villager (Male) |
| 5:22 | Create | Villager (Male) |
| 5:56 | Create | Villager (Male) |
| 5:56 | Create | Villager (Male) |
| 6:25 | Build | Mill |
| 6:28 | Create | Villager (Male) |
| 6:28 | Create | Villager (Male) |
| 7:02 | Create | Villager (Male) |
| 7:03 | Create | Villager (Male) |
| 7:03 | Create | Villager (Male) |
| 7:03 | Create | Villager (Male) |
| 7:50 | Research | Wheelbarrow |
| 7:52 | Create | Villager (Male) |
| 7:52 | Create | Villager (Male) |
| 7:52 | Create | Villager (Male) |
| 7:53 | Create | Villager (Male) |
| 7:53 | Create | Villager (Male) |
| 7:54 | Create | Villager (Male) |
| 7:54 | Create | Villager (Male) |
| 7:55 | Create | Villager (Male) |
| 9:06 | Build | Lumber Camp |
| 9:43 | Build | Mining Camp |
| 10:28 | Research | Feudal Age |
| 10:42 | Build | Lumber Camp |
| 11:29 | Research | Horse Collar |
| 12:19 | Build | Farm |
| 12:22 | Build | Farm |
| 12:25 | Build | Farm |
| 13:06 | Build | Farm |
| 13:09 | Build | Farm |
| 13:12 | Build | Farm |
| 13:21 | Age | Feudal Age |
| 13:30 | Create | Villager (Male) |
| 13:30 | Create | Villager (Male) |
| 13:30 | Create | Villager (Male) |
| 13:31 | Create | Villager (Male) |
| 13:31 | Create | Villager (Male) |
| 13:37 | Build | House |
| 13:41 | Build | House |
| 13:43 | Build | House |
| 13:45 | Build | House |
| 13:48 | Build | House |
| 13:58 | Research | Heavy Plow |
| 14:04 | Research | Double-Bit Axe |
| 14:18 | Create | Villager (Male) |
| 14:18 | Create | Villager (Male) |
| 14:19 | Create | Villager (Male) |
| 14:19 | Create | Villager (Male) |
| 14:19 | Create | Villager (Male) |
| 14:35 | Research | Gold Mining |
| 14:36 | Research | Stone Mining |
| 14:54 | Build | Farm |
| 15:16 | Research | Hand Cart |
| 15:21 | Create | Villager (Male) |
| 15:21 | Create | Villager (Male) |
| 15:22 | Create | Villager (Male) |
| 15:22 | Create | Villager (Male) |
| 15:40 | Create | Villager (Male) |
| 15:40 | Create | Villager (Male) |
| 15:50 | Build | Barracks |
| 16:10 | Create | Villager (Male) |
| 16:19 | Build | Blacksmith |
| 16:40 | Create | Villager (Male) |
| 16:41 | Create | Villager (Male) |
| 17:00 | Build | Palisade Wall |
| 17:11 | Build | Lumber Camp |
| 17:20 | Build | Market |
| 17:37 | Create | Villager (Male) |
| 17:37 | Create | Villager (Male) |
| 17:37 | Create | Villager (Male) |
| 17:53 | Research | Man-at-Arms (upgrade) |
| 18:02 | Build | Farm |
| 18:12 | Build | Farm |
| 18:17 | Build | Farm |
| 18:22 | Research | Gold Shaft Mining |
| 18:54 | Create | Villager (Male) |
| 18:54 | Create | Villager (Male) |
| 19:11 | Create | Villager (Male) |
| 19:12 | Create | Villager (Male) |
| 19:12 | Create | Villager (Male) |
| 19:12 | Create | Villager (Male) |
| 19:33 | Create | Villager (Male) |
| 19:36 | Create | Militia |
| 19:46 | Build | Farm |
| 19:52 | Build | Farm |
| 19:58 | Research | Scale Mail Armor |
| 20:07 | Build | Mill |
| 20:09 | Build | Farm |
| 20:15 | Create | Militia |
| 20:15 | Create | Militia |
| 20:40 | Create | Spearman |
| 20:40 | Create | Spearman |
| 20:41 | Create | Spearman |
| 20:42 | Create | Militia |
| 20:59 | Create | Villager (Male) |
| 20:59 | Create | Villager (Male) |
| 21:19 | Build | Mining Camp |
| 21:24 | Research | Caravan |
| 21:25 | Create | Trade Cart |
| 21:25 | Create | Trade Cart |
| 21:25 | Create | Trade Cart |
| 21:27 | Create | Trade Cart |
| 21:27 | Create | Trade Cart |
| 21:28 | Create | Trade Cart |
| 21:32 | Create | Villager (Male) |
| 21:32 | Create | Villager (Male) |
| 21:37 | Create | Spearman |
| 21:48 | Create | Villager (Male) |
| 21:56 | Build | Farm |
| 22:05 | Research | Stone Shaft Mining |
| 22:26 | Build | House |
| 22:30 | Build | House |
| 22:32 | Build | House |
| 22:33 | Build | House |
| 22:34 | Build | House |
| 22:40 | Build | Farm |
| 22:52 | Research | Forging |
| 23:29 | Create | Villager (Male) |
| 23:29 | Create | Villager (Male) |
| 23:29 | Create | Villager (Male) |
| 23:30 | Create | Villager (Male) |
| 23:30 | Create | Villager (Male) |
| 23:30 | Create | Villager (Male) |
| 23:51 | Create | Spearman |
| 23:51 | Create | Spearman |
| 23:56 | Create | Villager (Male) |
| 23:56 | Create | Villager (Male) |
| 23:57 | Create | Villager (Male) |
| 24:05 | Build | Archery Range |
| 24:11 | Build | Stable |
Match timeline
| 7:26 | EL SANTO PADRE EL ORIGINAL · first_building Barracks |
| 7:54 | Professor Wizard · first_building Barracks |
| 10:59 | Professor Wizard · age_up feudal |
| 11:14 | EL_PUERCO_REDENTOR · wall_segment Palisade Wall x10 |
| 11:24 | Styrrge · age_up feudal |
| 11:56 | RAFAEL CORREA DELGADO · first_building Barracks |
| 12:02 | EL_PUERCO_REDENTOR · first_building Barracks |
| 12:03 | Professor Wizard · first_building Archery Range |
| 13:21 | smkmak9 · age_up feudal |
| 13:27 | RAFAEL CORREA DELGADO · wall_segment Palisade Wall x7 |
| 13:30 | RAFAEL CORREA DELGADO · wall_segment Palisade Wall x4 |
| 13:31 | RAFAEL CORREA DELGADO · wall_segment Palisade Wall x4 |
| 13:50 | Styrrge · first_building Barracks |
| 13:58 | EL SANTO PADRE EL ORIGINAL · age_up feudal |
| 14:05 | EL_PUERCO_REDENTOR · age_up feudal |
| 14:24 | EL_PUERCO_REDENTOR · first_building Stable |
| 14:50 | EL SANTO PADRE EL ORIGINAL · first_building Stable |
| 15:50 | smkmak9 · first_building Barracks |
| 15:54 | RAFAEL CORREA DELGADO · age_up feudal |
| 15:55 | Professor Wizard · first_building Stable |
| 16:09 | EL_PUERCO_REDENTOR · wall_segment Stone Wall x7 |
| 17:00 | smkmak9 · wall_segment Palisade Wall x57 |
| 17:09 | Styrrge · wall_segment Palisade Wall x16 |
| 17:33 | RAFAEL CORREA DELGADO · wall_segment Palisade Wall x2 |
| 17:35 | RAFAEL CORREA DELGADO · wall_segment Palisade Wall x1 |
| 18:52 | Styrrge · age_up castle |
| 19:17 | Professor Wizard · age_up castle |
| 20:07 | Styrrge · first_building Siege Workshop |
| 20:28 | EL_PUERCO_REDENTOR · wall_segment Stone Wall x29 |
| 23:03 | EL SANTO PADRE EL ORIGINAL · age_up castle |
| 23:59 | EL SANTO PADRE EL ORIGINAL · first_building Castle |
| 24:05 | smkmak9 · first_building Archery Range |
| 24:11 | smkmak9 · first_building Stable |
| 24:18 | RAFAEL CORREA DELGADO · age_up castle |
| 25:59 | EL SANTO PADRE EL ORIGINAL · first_building Siege Workshop |
| 26:35 | EL_PUERCO_REDENTOR · age_up castle |
| 26:43 | EL_PUERCO_REDENTOR · first_building Siege Workshop |
| 27:37 | Styrrge · first_building Castle |
| 30:23 | smkmak9 · age_up castle |
| 30:30 | smkmak9 · first_building Castle |
| 31:48 | RAFAEL CORREA DELGADO · first_building Castle |
| 32:03 | RAFAEL CORREA DELGADO · tribute_sent a jugador 1 |
| 32:03 | RAFAEL CORREA DELGADO · tribute_sent a jugador 2 |
| 32:03 | RAFAEL CORREA DELGADO · tribute_sent a jugador 4 |
| 32:03 | RAFAEL CORREA DELGADO · tribute_sent a jugador 5 |
| 32:03 | RAFAEL CORREA DELGADO · tribute_sent a jugador 6 |
| 32:22 | RAFAEL CORREA DELGADO · first_market_sell 100 wood |
| 34:26 | Professor Wizard · first_building Castle |
| 35:58 | EL_PUERCO_REDENTOR · first_building Castle |
| 36:10 | Styrrge · first_building Monastery |
| 36:10 | smkmak9 · first_building Monastery |
| 36:11 | EL_PUERCO_REDENTOR · first_building Monastery |
| 36:22 | EL_PUERCO_REDENTOR · tribute_sent a jugador 2 |
| 36:22 | EL_PUERCO_REDENTOR · tribute_sent a jugador 3 |
| 36:22 | EL_PUERCO_REDENTOR · tribute_sent a jugador 4 |
| 36:22 | EL_PUERCO_REDENTOR · tribute_sent a jugador 5 |
| 36:23 | EL_PUERCO_REDENTOR · tribute_sent a jugador 6 |
| 37:36 | Professor Wizard · first_building Siege Workshop |
| 38:25 | smkmak9 · first_building Siege Workshop |
| 39:50 | EL_PUERCO_REDENTOR · age_up imperial |
| 40:22 | Professor Wizard · age_up imperial |
| 40:51 | Styrrge · age_up imperial |
| 40:52 | Professor Wizard · first_market_sell 100 food |
| 42:23 | RAFAEL CORREA DELGADO · resign |
[ AI ANALYSIS · 1 CREDIT ]
What really happened in this match?
Wolo.gg analyzes every decision: build order, eco, micro, common mistakes by bracket. Personalized analysis on WhatsApp or Discord in 30 seconds.
Civ guide
Teutons
Map guide
Oasis
Perfil
EL_PUERCO_REDENTOR